APL (24 & UNDER)
EL PASO TEXANS @ DETROIT DIRTY SNOW
07/31/2028
 
TOP OF THE 1ST
El Paso Texans batting - Pitching for Detroit Dirty Snow : RHP Gilbert Bright
Pitching: RHP Gilbert Bright
Batting: LHB Mark Spencer 0-0: Swinging Strike
0-1: Called Strike
0-2: Ball
1-2: Ball
2-2: Strikes out looking
Batting: RHB Cole Boehmer 0-0: Called Strike
0-1: Ball
1-1: Foul Ball, location: 2F
1-2: Ball
2-2: DOUBLE (Line Drive, 7)
Batting: RHB José Murillo 0-0: Called Strike
0-1: DOUBLE (Line Drive, 9LM)
Cole Boehmer scores
Batting: LHB John Fitzgerald 0-0: Called Strike
0-1: Ball
1-1: Ball
2-1: SINGLE (Line Drive, 78S)
José Murillo to third
Runner from 3rd tries for Home, SAFE, throw made home
John Fitzgerald to second
Now in RF: Takuro Okawa
Batting: RHB Javier Álvarez 0-0: Called Strike
0-1: Foul Ball, location: 2F
0-2: Foul Ball, location: 2F
0-2: Strikes out looking
Batting: RHB Andrew O'Dell 0-0: Ball
1-0: Called Strike
1-1: Foul Ball, location: 2F
1-2: Strikes out swinging
Top of the 1st over - 2 run(s), 3 hit(s), 0 error(s), 1 left on base; El Paso 2 - Detroit 0
BOTTOM OF THE 1ST
Detroit Dirty Snow batting - Pitching for El Paso Texans : RHP Fernando Guzmán
Pitching: RHP Fernando Guzmán
Batting: SHB Cristián López 0-0: Called Strike
0-1: Ball
1-1: Fly out, F8 (Line Drive, 78S)
Batting: RHB Kelsey Scott 0-0: Foul Ball, location: 2F
0-1: Called Strike
0-2: Strikes out swinging
Batting: RHB Takuro Okawa 0-0: Ball
1-0: Foul Ball, location: 2F
1-1: Swinging Strike
1-2: Ball
2-2: Strikes out looking
Bottom of the 1st over - 0 run(s), 0 hit(s), 0 error(s), 0 left on base; El Paso 2 - Detroit 0
TOP OF THE 2ND
El Paso Texans batting - Pitching for Detroit Dirty Snow : RHP Gilbert Bright
Batting: SHB Richie Gallegos 0-0: Ball
1-0: Ball
2-0: Ball
3-0: Base on Balls
Batting: LHB Dave Tucker 0-0: Ball
1-0: Ball
2-0: Called Strike
2-1: Grounds into double play, 6-4-3 (Groundball, 6M)
Batting: SHB Miguel Hurtado 0-0: Ball
1-0: Ground out 6-3 (Groundball, 6MD)
Top of the 2nd over - 0 run(s), 0 hit(s), 0 error(s), 0 left on base; El Paso 2 - Detroit 0
BOTTOM OF THE 2ND
Detroit Dirty Snow batting - Pitching for El Paso Texans : RHP Fernando Guzmán
Batting: RHB Carlos Rocha 0-0: Swinging Strike
0-1: Fly out, F8 (Flyball, 78M)
Batting: RHB Gary Wyatt 0-0: Ball
1-0: Called Strike
1-1: Called Strike
1-2: Fly out, F6 (Popup, 6S)
Batting: RHB Charlie O'Farrell 0-0: Called Strike
0-1: Ball
1-1: Swinging Strike
1-2: Foul Ball, location: 2F
1-2: Ball
2-2: Foul Ball, location: 2F
2-2: Strikes out swinging
Bottom of the 2nd over - 0 run(s), 0 hit(s), 0 error(s), 0 left on base; El Paso 2 - Detroit 0
TOP OF THE 3RD
El Paso Texans batting - Pitching for Detroit Dirty Snow : RHP Gilbert Bright
Batting: LHB Mark Spencer 0-0: Ground out 4-3 (Groundball, 34)
Batting: RHB Cole Boehmer 0-0: Called Strike
0-1: Ball
1-1: Ball
2-1: Swinging Strike
2-2: Foul Ball, location: 2F
2-2: Foul Ball, location: 2F
2-2: Strikes out swinging
Batting: RHB José Murillo 0-0: Called Strike
0-1: Ball
1-1: Foul Ball, location: 2F
1-2: Strikes out swinging
Top of the 3rd over - 0 run(s), 0 hit(s), 0 error(s), 0 left on base; El Paso 2 - Detroit 0
BOTTOM OF THE 3RD
Detroit Dirty Snow batting - Pitching for El Paso Texans : RHP Fernando Guzmán
Batting: SHB Alan Garland 0-0: Called Strike
0-1: Ball
1-1: Called Strike
1-2: Ball
2-2: Strikes out swinging
Batting: SHB Víctor Torres 0-0: Called Strike
0-1: Fly out, F7 (Flyball, 78S)
Batting: RHB Manuel Flores 0-0: Ball
1-0: Foul Ball, location: 2F
1-1: Foul Ball, location: 2F
1-2: Ball
2-2: Strikes out swinging
Bottom of the 3rd over - 0 run(s), 0 hit(s), 0 error(s), 0 left on base; El Paso 2 - Detroit 0
TOP OF THE 4TH
El Paso Texans batting - Pitching for Detroit Dirty Snow : RHP Gilbert Bright
Batting: LHB John Fitzgerald 0-0: Foul Ball, location: 2F
0-1: Ground out 5-3 (Groundball, 56)
Batting: RHB Javier Álvarez 0-0: SINGLE (Line Drive, 89S)
Batting: RHB Andrew O'Dell 0-0: SINGLE (Line Drive, 8RS)
Javier Álvarez to second
Batting: SHB Richie Gallegos 0-0: Ball
1-0: Called Strike
1-1: Ball
2-1: Ball
3-1: Base on Balls
Javier Álvarez to third
Andrew O'Dell to second
Batting: LHB Dave Tucker 0-0: Called Strike
0-1: Foul Ball, location: 2F
0-2: Strikes out swinging
Batting: SHB Miguel Hurtado 0-0: Called Strike
0-1: Ball
1-1: Foul Ball, location: 2F
1-2: Ball
2-2: Foul Ball, location: 2F
2-2: Strikes out swinging
Top of the 4th over - 0 run(s), 2 hit(s), 0 error(s), 3 left on base; El Paso 2 - Detroit 0
BOTTOM OF THE 4TH
Detroit Dirty Snow batting - Pitching for El Paso Texans : RHP Fernando Guzmán
Batting: SHB Cristián López 0-0: Foul Ball, location: 2F
0-1: Ball
1-1: Called Strike
1-2: Ball
2-2: Strikes out swinging
Batting: RHB Kelsey Scott 0-0: Ball
1-0: Swinging Strike
1-1: Ball
2-1: Called Strike
2-2: Strikes out swinging
Batting: RHB Takuro Okawa 0-0: Ball
1-0: Ball
2-0: Fly out, F9 (Flyball, 9LM)
Bottom of the 4th over - 0 run(s), 0 hit(s), 0 error(s), 0 left on base; El Paso 2 - Detroit 0
TOP OF THE 5TH
El Paso Texans batting - Pitching for Detroit Dirty Snow : RHP Gilbert Bright
Batting: LHB Mark Spencer 0-0: Fly out, F9 (Flyball, 9LM)
Batting: RHB Cole Boehmer 0-0: Ball
1-0: Ground out 5-3 (Groundball, 5L)
Batting: RHB José Murillo 0-0: Foul Ball, location: 2F
0-1: Called Strike
0-2: Foul Ball, location: 2F
0-2: Foul Ball, location: 2F
0-2: Foul Ball, location: 2F
0-2: Ball
1-2: Fly out, F6 (Popup, 6D)
Top of the 5th over - 0 run(s), 0 hit(s), 0 error(s), 0 left on base; El Paso 2 - Detroit 0
BOTTOM OF THE 5TH
Detroit Dirty Snow batting - Pitching for El Paso Texans : RHP Fernando Guzmán
Batting: RHB Carlos Rocha 0-0: Ground out U3 (Groundball, 34S)
Batting: RHB Gary Wyatt 0-0: Ball
1-0: Called Strike
1-1: Called Strike
1-2: Ball
2-2: Strikes out swinging
Batting: RHB Charlie O'Farrell 0-0: Foul Ball, location: 2F
0-1: Foul Ball, location: 2F
0-2: Ground out 6-3 (Groundball, 6)
Bottom of the 5th over - 0 run(s), 0 hit(s), 0 error(s), 0 left on base; El Paso 2 - Detroit 0
TOP OF THE 6TH
El Paso Texans batting - Pitching for Detroit Dirty Snow : RHP Gilbert Bright
Batting: LHB John Fitzgerald 0-0: Ball
1-0: Ball
2-0: Ball
3-0: Called Strike
3-1: Fly out, F4 (Popup, 4D)
Batting: RHB Javier Álvarez 0-0: Called Strike
0-1: Ball
1-1: Ball
2-1: Foul Ball, location: 2F
2-2: Ball
3-2: Strikes out swinging
Batting: RHB Andrew O'Dell 0-0: Ball
1-0: Called Strike
1-1: Swinging Strike
1-2: Strikes out looking
Top of the 6th over - 0 run(s), 0 hit(s), 0 error(s), 0 left on base; El Paso 2 - Detroit 0
BOTTOM OF THE 6TH
Detroit Dirty Snow batting - Pitching for El Paso Texans : RHP Fernando Guzmán
Batting: SHB Alan Garland 0-0: Ball
1-0: Ball
2-0: Called Strike
2-1: Bunt missed!
2-2: Foul Ball, location: 2F
2-2: Ball
3-2: Foul Ball, location: 2F
3-2: Foul Ball, location: 2F
3-2: Ground out 6-3 (Groundball, 6M)
Batting: SHB Víctor Torres 0-0: Foul Ball, location: 2F
0-1: SINGLE (Line Drive, 3)
Batting: RHB Manuel Flores 0-0: SINGLE (Line Drive, 6D)
Víctor Torres to second
Batting: SHB Cristián López 0-0: Ball
1-0: Fielders Choice at 2nd, 4-6 (Groundball, 4)
Víctor Torres to third
Batting: RHB Kelsey Scott 0-0: Ball
1-0: Called Strike
1-1: Foul Ball, location: 2F
1-2: Strikes out swinging
Bottom of the 6th over - 0 run(s), 2 hit(s), 0 error(s), 2 left on base; El Paso 2 - Detroit 0
TOP OF THE 7TH
El Paso Texans batting - Pitching for Detroit Dirty Snow : RHP Gilbert Bright
Pitching: LHP Jorge Luna
Batting: SHB Richie Gallegos 0-0: Foul Ball, location: 2F
0-1: Ball
1-1: Ball
2-1: Foul Ball, location: 2F
2-2: Ball
3-2: Foul Ball, location: 2F
3-2: Base on Balls
Batting: LHB Dave Tucker 0-0: Ball
1-0: Fly out, F9 (Line Drive, 89M)
Batting: SHB Miguel Hurtado 0-0: Foul Ball, location: 2F
0-1: Swinging Strike
0-2: Strikes out looking
Batting: LHB Mark Spencer 0-0: Swinging Strike
0-1: Swinging Strike
0-2: Ball
1-2: Foul Ball, location: 2F
1-2: Strikes out looking
Top of the 7th over - 0 run(s), 0 hit(s), 0 error(s), 1 left on base; El Paso 2 - Detroit 0
BOTTOM OF THE 7TH
Detroit Dirty Snow batting - Pitching for El Paso Texans : RHP Fernando Guzmán
Batting: RHB Takuro Okawa 0-0: Ball
1-0: Swinging Strike
1-1: Swinging Strike
1-2: Ball
2-2: Strikes out swinging
Batting: RHB Carlos Rocha 0-0: Reached on error, E6 (Groundball, 6)
Batting: RHB Gary Wyatt 0-0: Ball
Pickoff Throw to First - Out!
1-0: Ball
2-0: Swinging Strike
2-1: Foul Ball, location: 2F
2-2: Foul Ball, location: 2F
2-2: Ball
3-2: Ground out 5-3 (Groundball, 56)
Bottom of the 7th over - 0 run(s), 0 hit(s), 1 error(s), 0 left on base; El Paso 2 - Detroit 0
TOP OF THE 8TH
El Paso Texans batting - Pitching for Detroit Dirty Snow : LHP Jorge Luna
Batting: RHB Cole Boehmer 0-0: Ball
1-0: Fly out, F1 (Line Drive, 15)
Batting: RHB José Murillo 0-0: Foul Ball, location: 2F
0-1: Foul Ball, location: 2F
0-2: Fly out, F7 (Flyball, 78M)
Batting: LHB John Fitzgerald 0-0: Ball
1-0: Ball
2-0: Ball
3-0: Called Strike
3-1: Swinging Strike
3-2: Ground out 6-3 (Groundball, 6)
Top of the 8th over - 0 run(s), 0 hit(s), 0 error(s), 0 left on base; El Paso 2 - Detroit 0
BOTTOM OF THE 8TH
Detroit Dirty Snow batting - Pitching for El Paso Texans : RHP Fernando Guzmán
Pitching: RHP Firmino Orsi
Batting: RHB Charlie O'Farrell 0-0: Foul Ball, location: 2F
0-1: Ball
1-1: Ball
2-1: Ball
3-1: Foul Ball, location: 2F
3-2: Base on Balls
Batting: SHB Alan Garland 0-0: Ball
1-0: Ball
2-0: Called Strike
2-1: Ball
3-1: Fly out, F7 (Flyball, 7S)
Batting: SHB Víctor Torres 0-0: Ball
1-0: Ball
Wild Pitch!
Charlie O'Farrell to second
2-0: DOUBLE (Line Drive, 9)
Charlie O'Farrell scores
Batting: RHB Manuel Flores 0-0: Ball
1-0: Ball
2-0: Called Strike
2-1: Foul Ball, location: 2F
2-2: Foul Ball, location: 2F
2-2: Ground out U3 (Groundball, 3)
Víctor Torres to third
Batting: SHB Cristián López 0-0: Ball
1-0: Called Strike
1-1: Fly out, F8 (Flyball, 8RM)
Bottom of the 8th over - 1 run(s), 1 hit(s), 0 error(s), 1 left on base; El Paso 2 - Detroit 1
TOP OF THE 9TH
El Paso Texans batting - Pitching for Detroit Dirty Snow : LHP Jorge Luna
Batting: RHB Javier Álvarez 0-0: Called Strike
0-1: Ground out 4-3 (Groundball, 4)
Batting: RHB Andrew O'Dell 0-0: Called Strike
0-1: Ball
1-1: Called Strike
1-2: Foul Ball, location: 2F
1-2: Foul Ball, location: 2F
1-2: Foul Ball, location: 2F
1-2: Strikes out swinging
Batting: SHB Richie Gallegos 0-0: Called Strike
0-1: Fly out, F4 (Popup, 34D)
Top of the 9th over - 0 run(s), 0 hit(s), 0 error(s), 0 left on base; El Paso 2 - Detroit 1
BOTTOM OF THE 9TH
Detroit Dirty Snow batting - Pitching for El Paso Texans : RHP Firmino Orsi
Pitching: RHP Cliff Wolfe
Batting: RHB Kelsey Scott 0-0: Ball
1-0: Ball
2-0: Ball
3-0: Called Strike
3-1: Base on Balls
Pinch Hitting: LHB Luis Salazar 0-0: SINGLE (Line Drive, 7LS)
Kelsey Scott to second
Batting: RHB Carlos Rocha 0-0: Ball
1-0: Ball
2-0: Fly out, F3 (Popup, 3)
Batting: RHB Gary Wyatt 0-0: Ball
1-0: Ball
2-0: Ball
3-0: Called Strike
3-1: Base on Balls
Kelsey Scott to third
Luis Salazar to second
Batting: RHB Charlie O'Farrell 0-0: Called Strike
0-1: Foul Ball, location: 2F
0-2: Ball
1-2: Ball
2-2: Foul Ball, location: 2F
2-2: Ball
3-2: Strikes out swinging
Batting: SHB Alan Garland 0-0: Fly out, F7 (Flyball, 7)
Bottom of the 9th over - 0 run(s), 1 hit(s), 0 error(s), 3 left on base; El Paso 2 - Detroit 1
Tuesday, August 8th, 2017 - OOTP Baseball 17.12 Build 75